 Dungeon Crawl Stone Soup version 0.19-a0-994-g3c636f0 (webtiles) character file.

24026 4thArraOfDagon the Cleaver (level 13, -1/86 HPs)
             Began as a Gargoyle Berserker on July 17, 2016.
             Was an Elder of Trog.
             Slain by a great orb of eyes (8 damage)
             ... on level 15 of the Dungeon.
             The game lasted 00:24:38 (4261 turns).

4thArraOfDagon the Cleaver (Gargoyle Berserker)     Turns: 4261, Time: 00:24:39

Health: -1/86      AC: 21    Str: 25    XL:     13   Next: 10%
Magic:  11/11      EV: 12    Int: 14    God:    Trog [****..]
Gold:   426        SH:  0    Dex: 11    Spells: 0 memorised, 12 levels left

rFire  + . .     SeeInvis +     D - +0 war axe
rCold  . . .     Gourm    .     F - +0 troll leather armour
rNeg   + . .     Faith    .     (no shield)
rPois  ∞         Spirit   .     Y - +1 hat {Int+3}
rElec  +         Dismiss  .     w - +0 cloak
rCorr  .         Reflect  .     B - +1 pair of gloves
SustAt .         Harm     .     S - +0 pair of boots
MR     .....                    P - amulet of magic regeneration
Stlth  +.........               Q - ring of see invisible
                                L - ring of Xom's Recklessness {rF+ Dex+2 SInv}

@: exhausted, very slightly contaminated, hasted and slowed, not resistant to
hostile enchantments, very unstealthy
A: slimy green scales 1, clever 1, deformed body, low mp 1, mutation resistance
1, negative energy resistance 1, electricity resistance, wild magic 1,
unbreathing, petrification resistance, rot immunity, AC +9
a: Berserk, Trog's Hand, Brothers in Arms, Burn Spellbooks, Renounce Religion


You were on level 15 of the Dungeon.
You worshipped Trog.
Trog was greatly pleased with you.
You were not hungry.

You visited 1 branch of the dungeon, and saw 15 of its levels.

You collected 426 gold pieces.

Inventory:

Hand Weapons
 a - a +0 hand axe
 D - a +0 war axe (weapon)
 M - the +5 mace of Pride {crush, MP+9}
   (You found it on level 12 of the Dungeon)

   It inflicts extra damage upon your enemies.
   It affects your magic capacity (+9).
 R - a +2 scimitar of flaming
Armour
 b - a +0 animal skin
 d - a +0 ring mail
 k - a +0 scale mail
 m - a +0 helmet
 n - a +0 plate armour
 w - a +0 cloak (worn)
 B - a +1 pair of gloves (worn)
 F - a +0 troll leather armour (worn)
 S - a +0 pair of boots (worn)
 Y - a +1 hat of intelligence (worn)
Rods
 X - a +5 iron rod (10/10)
   (You found it on level 15 of the Dungeon)
Jewellery
 o - an uncursed ring of poison resistance
 L - the ring of Xom's Recklessness (left hand) {rF+ Dex+2 SInv}
   (You found it on level 15 of the Dungeon)

   [ring of see invisible]

   It affects your dexterity (+2).
   It protects you from fire.
   It lets you see invisible.
 P - an amulet of magic regeneration (around neck)
 Q - a ring of see invisible (right hand)
 V - an uncursed ring of ice
Wands
 e - a wand of flame (13/48)
 h - a wand of random effects (17/48)
 t - a wand of flame (1/48)
 y - a wand of heal wounds (0/9)
Scrolls
 f - 7 scrolls of remove curse
 i - 2 scrolls of enchant armour
 l - 2 scrolls of teleportation
 p - 2 scrolls of blinking
 r - a scroll of recharging {unknown}
 A - a scroll of silence {unknown}
 G - a scroll of fog {unknown}
 H - a scroll of magic mapping
 J - a scroll of brand weapon {unknown}
 N - a scroll of fear {unknown}
Potions
 g - a potion of beneficial mutation
 j - a potion of degeneration
 q - 4 potions of resistance
 s - a potion of ambrosia {unknown}
 u - 3 potions of lignification
 v - a potion of agility {unknown}
 z - 2 potions of haste
 C - a potion of might {unknown}
 E - 2 potions of flight
 I - a potion of brilliance {unknown}
 K - a potion of invisibility {unknown}
 T - a potion of berserk rage {unknown}
 W - a potion of curing {unknown}
Books
 U - a book of Unlife

   Spells                             Type                      Level
   a - Recall                         Summoning/Translocation      3
   b - Animate Dead                   Necromancy                   4
   c - Control Undead                 Necromancy                   4
   d - Cigotuvi's Embrace             Necromancy                   5
   e - Death Channel                  Necromancy                   6
   f - Simulacrum                     Ice/Necromancy               6
   Trog disapproves of the use of such an item.
Miscellaneous
 O - a box of beasts
Comestibles
 c - 4 bread rations
 Z - a chunk of flesh


   Skills:
 + Level 12.1 Fighting
 * Level 14.0 Axes
 + Level 11.9 Armour
 - Level 1.5 Dodging


You had 12 spell levels left.
You didn't know any spells.

Dungeon Overview and Level Annotations

Branches:
Dungeon (15/15)            Temple (0/1) D:6          Vaults (0/5) D:14
 Depths (0/5) D:15
   Lair: D:8-11         Orc: D:9-12

Altars:
Pakellas
Qazlal
The Shining One

Shops:
D:9 =   D:12 }

Portals:
Trove: D:12 (give +7 demon whip)

Annotations:
D:9 4thArraOfDagon's ghost, novice GrBe
D:11 Fannar


Innate Abilities, Weirdness & Mutations

You are resistant to torment.
Your stone body is resilient. (AC +9)
You are immune to poison.
You resist negative energy. (rN+)
You are resistant to electric shocks. (rElec)
You can survive without breathing.
You are immune to petrification.
You are immune to rotting.
You are partially covered in slimy green scales. (AC +2)
Your mind is acute. (Int +2)
Armour fits poorly on your strangely shaped body.
Your magical capacity is low. (-10% MP)
You are somewhat resistant to further mutation.
Your spells are a little harder to cast, but a little more powerful.


Message History

Unknown command.
Unknown command.
You feel much better.
The orc knight hits you with a battleaxe!!
* * * LOW HITPOINT WARNING * * *
Unknown command.
Unknown command.
You feel yourself speed up.
The orc knight hits you with a battleaxe!
* * * LOW HITPOINT WARNING * * *
The orc knight hits you but does no damage.
You are very lightly contaminated with residual magic.
Unknown command.
Unknown command.
Unknown command.
Okay, then.
Unknown command.
The orc no longer looks unusually strong.
The great orb of eyes bites you!
You die...

##..#.....#......)#....#******
##.'....#......#'###..#******
###..........##..#####*≈≈≈**
##...........'.<.##****≈,≈**
#............#...)#*≈≈≈≈,≈≈≈
####...#........#..)<#*≈∩,,,,,,
##..#...#.#.....#######*≈,,,,⌠,,
#...'.....#.#..##..##***≈,,,,,,,
#..)#.......#).@....#*≈≈≈,⌠,,,,,
#...#.........G#....#*≈,,,,,,,,⌠
#...#.......).oo....#*≈≈≈,,,,,,,
#...'.........o##..##***≈,,,⌠,,,
##..#.........o.#######*≈∩,,,,,,
####............#..(⌠#*≈≈≈≈≈,≈≈
#...........G#....#*****≈,≈*
##...........oo..##*****≈≈≈*
###.)..#....o##G.#**,,******


You could see an orc knight, a great orb of eyes, an orc warrior and an orc.

Vanquished Creatures
  A yaktaur captain (D:15)
  Josephine (D:14)
  A great orb of eyes (D:15)
  A vault guard (D:15)
  A centaur warrior (D:13)
  An ogre mage (D:15)
  A spriggan (D:15)
  A skeletal warrior (D:12)
  8 hill giants
  2 ugly things (D:14)
  2 manticores
  A griffon (D:10)
  A centaur skeleton (D:15)
  A gargoyle (D:15)
  A freezing wraith (D:15)
  An efreet (D:14)
  5 trolls
  A jumping spider (shapeshifter) (D:12)
  4 two-headed ogres
  A meliai zombie (D:15)
  A redback (shapeshifter) (D:14)
  6 wraiths
  2 wyverns
  2 shadows (D:15)
  4 fire elementals (D:15)
  5 yaks (D:10)
  A basilisk (D:14)
  Eustachio (D:8)
  A golden eye (shapeshifter) (D:15)
  4 vampire mosquitoes (D:13)
  A hippogriff (D:13)
  A water moccasin (shapeshifter) (D:14)
  2 water moccasins
  3 hell hounds (D:15)
  A giant eyeball (shapeshifter) (D:14)
  2 wasps
  5 orc warriors
  An ice beast (D:10)
  A phantom (D:7)
  6 ogres
  4 centaurs
  2 big kobolds
  2 giant frogs
  3 gnoll sergeants
  A wyvern skeleton (D:12)
  18 killer bees
  4 wights
  A howler monkey (D:13)
  3 crimson imps (D:7)
  A quasit (D:8)
  A giant frog zombie (D:12)
  4 jellies
  4 orc priests
  3 orc wizards
  2 giant frog skeletons
  4 iguanas
  3 worker ants
  A hound zombie (D:8)
  A worker ant zombie (D:7)
  Robin (D:3)
  4 gnolls (D:11)
  3 adders
  A shadow imp (D:11)
  An adder zombie (D:10)
  An adder skeleton (D:8)
  A dart slug (D:1)
  2 giant geckos
  9 orcs
  A giant cockroach (D:6)
  11 goblins
  5 hobgoblins
  8 jackals
  A bat (D:1)
  A giant newt (D:4)
  13 kobolds
  A quokka skeleton (D:4)
  2 rats (D:2)
214 creatures vanquished.

Vanquished Creatures (collateral kills)
  Azrael (D:15)
  A death knight (D:14)
  A merfolk (shapeshifter) (D:15)
3 creatures vanquished.

Grand Total: 217 creatures vanquished

Notes
Turn   | Place    | Note
-------+----------+-------------------------------------------
     0 | D:1      | 4thArraOfDagon the Gargoyle Berserker began the quest for the Orb.
     0 | D:1      | Reached XP level 1. HP: 14/14 MP: 1/1
   157 | D:1      | Reached skill level 3 in Axes
   197 | D:1      | Reached XP level 2. HP: 13/19 MP: 2/2
   266 | D:3      | Sapher: oh...did you try long blades gargoyle?
   324 | D:3      | Noticed Robin
   331 | D:3      | Reached XP level 3. HP: 11/23 MP: 3/3
   333 | D:3      | Reached ** piety under Trog
   336 | D:3      | Killed Robin
   446 | D:4      | Sapher: it might work...they changed long blades to counterattack...like minotaur can
   460 | D:4      | Reached XP level 4. HP: 22/29 MP: 4/4
   519 | D:5      | Entered Level 5 of the Dungeon
   619 | D:6      | Found a staircase to the Ecumenical Temple.
   659 | D:7      | Noticed an orc warrior
   668 | D:7      | Reached skill level 4 in Axes
   669 | D:7      | Reached XP level 5. HP: 21/33 MP: 5/5
   681 | D:7      | Killed an orc warrior
   681 | D:7      | Reached XP level 6. HP: 29/39 MP: 6/6
   749 | D:7      | Noticed a wyvern
   824 | D:7      | Killed a wyvern
   824 | D:7      | Reached skill level 5 in Axes
   910 | D:7      | Reached skill level 5 in Fighting
   910 | D:7      | Reached XP level 7. HP: 44/44 MP: 7/7
   950 | D:7      | Found a glowing golden altar of the Shining One.
  1089 | D:7      | Reached skill level 6 in Axes
  1135 | D:7      | Reached skill level 5 in Armour
  1193 | D:8      | Reached XP level 8. HP: 51/51 MP: 8/8
  1254 | D:8      | Noticed Eustachio
  1288 | D:8      | Killed Eustachio
  1288 | D:8      | Reached skill level 7 in Axes
  1478 | D:9      | Noticed 4thArraOfDagon's ghost (novice GrBe)
  1502 | D:9      | Noticed a vampire
  1586 | D:9      | Noticed a troll
  1592 | D:9      | Killed a troll
  1592 | D:9      | Reached XP level 9. HP: 56/56 MP: 9/9
  1629 | D:9      | Reached skill level 8 in Axes
  1651 | D:9      | Found Taruy's Jewellery Shoppe.
  1665 | D:10     | Entered Level 10 of the Dungeon
  1692 | D:10     | Reached *** piety under Trog
  1825 | D:10     | Reached skill level 9 in Axes
  1852 | D:10     | Noticed a two-headed ogre
  1878 | D:10     | Killed a two-headed ogre
  1945 | D:10     | Noticed a troll
  1967 | D:10     | Killed a troll
  1967 | D:10     | Reached XP level 10. HP: 52/64 MP: 10/10
  2136 | D:10     | Found a runed door.
  2142 | D:10     | Noticed a griffon
  2142 | D:10     | Noticed a hill giant
  2156 | D:10     | Killed a hill giant
  2156 | D:10     | Reached skill level 10 in Axes
  2159 | D:10     | HP: 2/97 [ogre/giant club (7)]
  2168 | D:10     | Killed a griffon
  2275 | D:12     | Noticed a hill giant
  2283 | D:12     | Killed a hill giant
  2357 | D:12     | Noticed a hill giant
  2367 | D:12     | Killed a hill giant
  2425 | D:11     | Noticed a hill giant
  2438 | D:11     | Noticed a manticore
  2447 | D:11     | Killed a manticore
  2447 | D:11     | Reached skill level 11 in Axes
  2447 | D:11     | Reached XP level 11. HP: 33/71 MP: 11/11
  2450 | D:11     | Killed a hill giant
  2509 | D:11     | Reached **** piety under Trog
  2727 | D:11     | Noticed Fannar
  2755 | D:11     | FAIL
  2789 | D:10     | Found a stormy altar of Qazlal.
  2794 | D:10     | FAIL
  2891 | D:12     | Found an oddly glowing altar of Pakellas.
  2891 | D:12     | Found Pakellas's Prime Provisions.
  2915 | D:12     | Noticed a four-headed hydra
  2916 | D:12     | FAIl
  3001 | D:12     | Got a jewelled mace
  3009 | D:12     | Found a portal to a secret trove of treasure.
  3034 | D:12     | Identified the +5 mace of Pride {crush, MP+9} (You found it on level 12 of the Dungeon)
  3143 | D:13     | Reached skill level 10 in Fighting
  3144 | D:13     | Noticed a centaur warrior
  3145 | D:13     | Noticed a skeletal warrior
  3158 | D:13     | Noticed a skeletal warrior
  3161 | D:13     | Killed a centaur warrior
  3161 | D:13     | Reached skill level 10 in Armour
  3173 | D:12     | HP: 5/108 [skeletal warrior/trident (10)]
  3174 | D:12     | Killed a skeletal warrior
  3202 | D:12     | Reached skill level 12 in Axes
  3216 | D:12     | Gained mutation: You have a pair of small horns on your head. [mutagenic meat]
  3219 | D:12     | Gained mutation: You are partially covered in molten scales. (AC +1) [mutagenic meat]
  3222 | D:12     | Gained mutation: You are weak. (Str -2) [mutagenic meat]
  3290 | D:13     | Noticed a skeletal warrior
  3411 | D:14     | Noticed Josephine
  3449 | D:14     | Killed Josephine
  3531 | D:14     | Noticed a hill giant
  3562 | D:14     | Killed a hill giant
  3562 | D:14     | Reached XP level 12. HP: 79/79 MP: 12/12
  3637 | D:14     | Noticed a death knight
  3646 | D:14     | Killed a death knight
  3671 | D:14     | Gained mutation: Armour fits poorly on your strangely shaped body. [a shining eye]
  3694 | D:14     | Gained mutation: Your magical capacity is low. (-10% MP) [mutagenic meat]
  3697 | D:14     | Lost mutation: You are weak. (Str -2) [mutagenic meat]
  3700 | D:14     | Gained mutation: You expend magic power (3 MP) to strengthen your wands. [mutagenic meat]
  3703 | D:14     | Gained mutation: Your spells are a little harder to cast, but a little more powerful. [mutagenic meat]
  3703 | D:14     | Lost mutation: You are partially covered in molten scales. (AC +1) [potion of cure mutation]
  3703 | D:14     | Lost mutation: You have a pair of small horns on your head. [potion of cure mutation]
  3703 | D:14     | Lost mutation: You expend magic power (3 MP) to strengthen your wands. [potion of cure mutation]
  3704 | D:14     | :OL
  3707 | D:14     | Found a gate to the Vaults.
  3735 | D:14     | Gained mutation: You are partially covered in slimy green scales. (AC +2) [mutagenic meat]
  3738 | D:14     | Gained mutation: You are somewhat resistant to further mutation. [mutagenic meat]
  3762 | D:15     | Entered Level 15 of the Dungeon
  3786 | D:15     | Noticed a great orb of eyes
  3786 | D:15     | Noticed a vault guard
  3802 | D:15     | Killed a great orb of eyes
  3802 | D:15     | Reached skill level 13 in Axes
  3804 | D:15     | Killed a vault guard
  3913 | D:15     | Noticed an ogre mage
  3926 | D:15     | Killed an ogre mage
  3950 | D:15     | Got a bound marble ring
  3954 | D:15     | Identified the ring of Xom's Recklessness {rF+ Dex+2 SInv} (You found it on level 15 of the Dungeon)
  4004 | D:15     | Noticed a spriggan rider
  4011 | D:15     | Killed a spriggan rider
  4145 | D:15     | Noticed Azrael
  4158 | D:15     | Killed Azrael
  4160 | D:15     | Reached XP level 13. HP: 48/85 MP: 11/11
  4190 | D:15     | Gained mutation: Your mind is acute. (Int +2) [mutagenic meat]
  4221 | D:15     | Noticed a yaktaur captain
  4236 | D:15     | Killed a yaktaur captain
  4236 | D:15     | Reached skill level 14 in Axes
  4249 | D:15     | Noticed a great orb of eyes
  4261 | D:15     | Slain by a great orb of eyes

Vault maps used:
D:1:      saegor_arrival_simple_a, minmay_pentomino_z2
D:2:      nicolae_ru_path_of_blood, nicolae_dithmenos_through_a_glass_darkly,
          uniq_terence
D:3:      ecumenical_altar_1, serial_glass, glass_columns_b, glass_columns_a,
          feat_on_display, minmay_strange_pillars, first_bread,
          minmay_distorted, uniq_robin
D:4:      kennysheep_spiral_hall
D:5:      evilmike_ruin_ashenzari
D:6:      marbit_many_paths
D:7:      grunt_temple_overflow_diamond, basic_altar, the_bakery,
          minmay_stone_trees_small
D:8:      lair_0_dummy, sword_in_stone
D:9:      lemuel_crystal_altar, serial_shops, nicolae_shop_statue_plus,
          basic_altar, eino_tiny_chamber, uniq_pikel
D:10:     david_orc_4, minmay_st_funbox, lemuel_centaur_altar
D:11:     uniq_fannar
D:12:     enter_trove_3, serial_shops, nicolae_shop_behind_doors,
          johnstein_pakellas_shop
D:14:     david_vaults_2, serial_bayou_pond_d, uniq_josephine
D:15:     hangedman_spin_cycle

Skill      XL: |  1  2  3  4  5  6  7  8  9 10 11 12 13 |
---------------+----------------------------------------+-----
Axes           | 3 4 5 6 7 9 11 12 13 14 | 14.0
Fighting       | 4 5 6 8 9 10 11 12 | 12.1
Armour         | 3 4 5 6 8 9 10 11 | 11.9
Dodging        | |  1.5

Action                   |  1- 3 |  4- 6 |  7- 9 | 10-12 | 13-15 || total
-------------------------+-------+-------+-------+-------+-------++-------
Melee: Hand axe          |    89 |    36 |   258 |       |       ||   383
       War axe           |       |       |    14 |   447 |    22 ||   483
       Headbutt          |       |       |       |    18 |       ||    18
Throw: Throwing net      |       |       |       |     1 |       ||     1
Invok: Berserk           |     3 |     3 |    14 |    22 |     1 ||    43
       Trog's Hand       |       |     1 |     5 |     5 |       ||    11
       Burn Spellbooks   |       |     1 |       |       |       ||     1
       Brothers in Arms  |       |       |       |     2 |       ||     2
Evoke: Wand              |       |     1 |       |     4 |       ||     5
  Use: Scroll            |       |     3 |     3 |     9 |       ||    15
       Potion            |       |       |       |     6 |     2 ||     8
  Eat: Chunk             |     1 |     4 |     9 |    36 |     6 ||    56
       Pizza             |       |     1 |       |     2 |       ||     3
       Meat ration       |       |       |     2 |       |       ||     2
       Bread ration      |       |       |       |     1 |       ||     1
       Beef jerky        |       |       |       |       |     1 ||     1
Armor: Ring mail         |    24 |       |       |       |       ||    24
       Scale mail        |    42 |    15 |       |       |       ||    57
       Plate armour      |       |    24 |   381 |   275 |       ||   680
       Troll leather arm |       |       |       |   162 |     8 ||   170
       Skin              |       |       |       |    10 |       ||    10
Dodge: Dodged            |    79 |    42 |   158 |   259 |     4 ||   542
